 Dungeon Crawl Stone Soup version 0.28.0-53-g5a82cb258f (webtiles) character file.

Game seed: 14819415170764284346

56 protoss039 the Digger (level 3, -1/27 HPs)
             Began as a Demonspawn Earth Elementalist on June 15, 2022.
             Slain by an iguana (11 damage)
             ... on level 4 of the Dungeon.
             The game lasted 00:02:01 (2924 turns).

protoss039 the Digger (DsEE)                        Turns: 2924, Time: 00:02:02

Health: -1/27      AC:  2    Str:  8    XL:     3   Next: 69%
Magic:  1/6        EV: 12    Int: 20    God:
Gold:   67         SH:  0    Dex: 13    Spells: 0/6 levels left

rFire   . . .      SeeInvis .   h - +0 quarterstaff
rCold   . . .      Faith    .   (shield currently unavailable)
rNeg    . . .      Spirit   .   b - +0 robe
rPois   .          Reflect  .   (no helmet)
rElec   .          Harm     .   (no cloak)
rCorr   .          Rampage  .   (no gloves)
Will    .....                   (no boots)
Stlth   ++........              (no amulet)
HPRegen 0.09/turn               (no ring)
MPRegen 0.10/turn               (no ring)

@: no status effects
A: hooves 1, big brain 1
a: no special abilities


You were on level 4 of the Dungeon.
You visited 1 branch of the dungeon, and saw 4 of its levels.

You collected 67 gold pieces.

Inventory:

Hand Weapons
 h - a +0 quarterstaff (weapon)
Missiles
 c - 66 stones
Armour
 b - a +0 robe (worn)
Jewellery
 k - an amulet of reflection
Scrolls
 d - a scroll of noise {unknown}
 g - a scroll of identify {unknown}
 j - a scroll of vulnerability {unknown}
Potions
 a - 2 potions of heal wounds {unknown}
 e - a potion of degeneration {unknown}
 f - 2 potions of flight {unknown}
 i - 2 potions of brilliance {unknown}


   Skills:
 * Level 1.7 Fighting
 + Level 1.0 Armour
 - Level 1.7 Dodging
 - Level 1.7 Stealth
 + Level 2.3 Spellcasting
 * Level 0.7 Conjurations
 - Level 1.0 Transmutations
 + Level 3.1 Earth Magic


You couldn't memorise any spells.
You knew the following spells:

 Your Spells              Type           Power      Damage    Failure   Level
a - Sandblast             Erth           28%        2d8       4%          1
b - Passwall              Tmut/Erth      8%         N/A       10%         2
c - Stone Arrow           Conj/Erth      20%        3d8       21%         3

Your spell library contained the following spells:

 Spells                   Type           Power      Damage    Failure   Level
 Petrify                  Tmut/Erth      10%        N/A       54%         4
 Summon Lightning Spire   Summ/Air       2%         N/A       83%         4
 Storm Form               Tmut/Air       2%         N/A       100%        7
 Maxwell's Capacitive Co  Air            1%         ∞         100%        8


Dungeon Overview and Level Annotations

Branches:
Dungeon (4/15)
 Temple: D:4-7

Altars:


Innate Abilities, Weirdness & Mutations

You have large cloven feet.
You have an unusually large brain. (Int +2)


Message History

Confirm with . or Enter, or press ? or * to list all spells.
Aiming: Sandblast (safe; 4% risk of failure)
Press: ? - help, Shift-Dir - straight line, f/p - iguana
Aim: an iguana (heavily wounded, 82% to hit)
The blast of sand hits the iguana but does no damage.
The iguana is heavily wounded.
The iguana misses you.
Unknown command.
Casting: Sandblast (safe; 4% risk of failure)
Confirm with . or Enter, or press ? or * to list all spells.
Aiming: Sandblast (safe; 4% risk of failure)
Press: ? - help, Shift-Dir - straight line, f/p - iguana
Aim: an iguana (heavily wounded, 82% to hit)
The blast of sand hits the iguana but does no damage.
The iguana is heavily wounded.
The iguana misses you.
Unknown command.
Unknown command.
You see here 6 gold pieces.
You now have 67 gold pieces (gained 6).
The iguana hisses menacingly.
Casting: Sandblast (safe; 4% risk of failure)
Confirm with . or Enter, or press ? or * to list all spells.
Aiming: Sandblast (safe; 4% risk of failure)
Press: ? - help, Shift-Dir - straight line, f/p - iguana
Aim: an iguana (heavily wounded, 82% to hit)
The blast of sand hits the iguana but does no damage.
The iguana is heavily wounded.
The iguana bites you!
Unknown command.
You hit the iguana. You kick the iguana, but do no damage.
The iguana is severely wounded.
The iguana bites you. x2
You hit the iguana. You kick the iguana, but do no damage.
The iguana is almost dead.
The iguana bites you but does no damage.
You closely miss the iguana.
The iguana is almost dead.
The iguana bites you!
You die...

.. #.#.###>## #. #.#...... #.
#.#..##.# #. #.#..##.# #.
#.......######.# #.
##........<.....#
#####.##########.....###########
.................#...#
#####..#########@....#
#..........l.....#
##.#############.# #.# #.# #.#
..# #!# ### #.# #!# #.#


You could see an iguana.

Vanquished Creatures
  An adder (D:2)
  5 endoplasms
  A giant cockroach (D:3)
  5 goblins
  2 hobgoblins
  3 quokkas
  3 ball pythons
  8 bats
  3 frilled lizards
  7 kobolds
  4 rats
42 creatures vanquished.

Notes
Turn   | Place    | Note
-------+----------+-------------------------------------------
     0 | D:1      | protoss039 the Demonspawn Earth Elementalist began the
                  | quest for the Orb.
     0 | D:1      | Reached XP level 1. HP: 13/13 MP: 3/3
   135 | D:1      | Reached skill level 1 in Transmutations
   770 | D:1      | Gained mutation: You have an unusually large brain. (Int
                  | +2) [demonic ancestry]
   770 | D:1      | Reached XP level 2. HP: 20/20 MP: 5/5
  1176 | D:2      | Learned a level 2 spell: Passwall
  1186 | D:2      | Reached skill level 1 in Fighting
  1556 | D:2      | Gained mutation: You have large cloven feet. [demonic
                  | ancestry]
  1556 | D:2      | Reached XP level 3. HP: 26/26 MP: 4/6
  1800 | D:2      | Reached skill level 3 in Earth Magic
  2256 | D:2      | Learned a level 3 spell: Stone Arrow
  2401 | D:3      | Reached skill level 1 in Armour
  2706 | D:3      | Found a faded altar of an unknown god.
  2924 | D:4      | Slain by an iguana

Illustrated notes

Levels and vault maps discovered:
D:1:      sevenhm_arrival_forest_fort_large_4, layout_basic,
          corexii_leaking_fountain
D:2:      layout_basic
D:3:      layout_rooms, shapermc_ecumenical_altar_mp_vishouse
D:4:      layout_loops_ring, amcnicky_altar_lugonu_corruption

Skill      XL: |  1  2  3 |
---------------+----------+-----
Transmutations | 1 |  1.0
Fighting       | 1 |  1.7
Earth Magic    | 3 |  3.1
Armour         | 1 |  1.0
Dodging        | |  1.7
Stealth        | |  1.7
Spellcasting   | |  2.3
Conjurations   | |  0.7

Action                   || total
-------------------------++-------
Melee: Club              ||    19
       Unarmed           ||     1
       Punch             ||     1
       Quarterstaff      ||    13
       Kick              ||     3
 Cast: Sandblast         ||    46
 Stab: Sleeping          ||     4
Armor: Robe              ||     7
Dodge: Dodged            ||    30
